 Dungeon Crawl Stone Soup version 0.28.0-45-g0d030f2227 (webtiles) character file.

Game seed: 18199780467983836251

337 GigaChad the Twirler (level 6, -1/52 HPs)
             Began as a Minotaur Gladiator on Apr 20, 2022.
             Was an Initiate of Yredelemnul.
             Succumbed to a water moccasin's poison
             ... on level 5 of the Dungeon.
             The game lasted 00:12:07 (3289 turns).

GigaChad the Twirler (Minotaur Gladiator)           Turns: 3289, Time: 00:12:08

Health: -1/52      AC:  9    Str: 19    XL:     6   Next: 28%
Magic:  5/5        EV:  8    Int:  5    God:    Yredelemnul [......]
Gold:   64         SH:  0    Dex: 13    Spells: 5/5 levels left

rFire   + . .      SeeInvis .   A - +0 battleaxe
rCold   x . .      Faith    .   (shield currently unavailable)
rNeg    . . .      Spirit   .   k - +1 chain mail
rPois   .          Reflect  .   c - +0 hat
rElec   .          Harm     .   (no cloak)
rCorr   .          Rampage  .   (no gloves)
Will    .....                   (no boots)
Stlth   ..........              (no amulet)
HPRegen 0.17/turn               j - ring of fire
MPRegen 0.09/turn               (no ring)

@: lethally poisoned (-1 -> -8), about to teleport
A: horns 2, retaliatory headbutt
a: Renounce Religion, Recall Undead Harvest


You were on level 5 of the Dungeon.
You worshipped Yredelemnul.
Yredelemnul was noncommittal.
You visited 1 branch of the dungeon, and saw 5 of its levels.

You collected 64 gold pieces.

Inventory:

Hand Weapons
 a - a +0 quarterstaff
 i - a +2 whip of flaming
 s - a +0 scimitar
 u - a +0 falchion
 w - a +3 flail
 A - a +0 battleaxe (weapon)
Missiles
 d - 2 throwing nets (quivered)
 y - 14 arrows
Armour
 b - a +0 leather armour
 c - a +0 hat (worn)
 e - a +0 ring mail
 k - a +1 chain mail (worn)
 t - a +3 scale mail of positive energy
Jewellery
 j - a ring of fire (left hand)
Wands
 r - a wand of flame (22)
Scrolls
 f - a scroll of blinking
 h - a scroll of torment {unknown}
 n - 3 scrolls of amnesia
 p - 3 scrolls of identify
 x - a scroll of fear {unknown}
Potions
 g - a potion of magic {unknown}
 l - a potion of resistance
 m - a potion of heal wounds {unknown}
 q - a potion of ambrosia {unknown}
 v - a potion of haste {unknown}
 z - a potion of brilliance {unknown}
 B - a potion of attraction {unknown}


   Skills:
 + Level 3.9 Fighting
 + Level 2.9 Long Blades
 + Level 5.7 Staves
 + Level 2.2 Throwing
 + Level 2.6 Armour
 + Level 4.2 Dodging


You had 5 spell levels left.
You didn't know any spells.
Your spell library contained the following spells:

 Spells                   Type           Power      Damage    Failure   Level
 Magic Dart               Conj           0%         1d3       100%        1
 Shock                    Conj/Air       0%         1d3       100%        1
 Scorch                   Fire           0%         2d5       100%        2
 Searing Ray              Conj           0%         2d4       100%        2
 Sublimation of Blood     Necr           0%         N/A       100%        2
 Swiftness                Air            0%         N/A       100%        3
 Airstrike                Air            0%         N/A       100%        4
 Flame Wave               Conj/Fire      0%         2d4       100%        4
 Fulminant Prism          Conj/Hex       0%         3d6       100%        4
 Petrify                  Tmut/Erth      0%         N/A       100%        4
 Irradiate                Conj/Tmut      0%         3d14      100%        5
 Summon Cactus Giant      Summ           0%         N/A       100%        6


Dungeon Overview and Level Annotations

Branches:
Dungeon (5/15)
 Temple: D:4-7

Altars:
Yredelemnul

Shops:
D:4 *=(


Innate Abilities, Weirdness & Mutations

You have a pair of horns on your head.
You reflexively headbutt those who attack you in melee.


Message History

A water moccasin comes into view.
The hound barely misses you. The hound closely misses you.
You furiously retaliate!
You headbutt the hound!
The water moccasin moves out of view.
You hit the hound.
You kill the hound!
You hit the jackal.
The jackal is moderately wounded.
The jackal bites you but does no damage.
The jackal barely misses you. You furiously retaliate!
You headbutt the jackal.
You kill the jackal!
You barely miss the water moccasin.
Your headbutt misses the water moccasin.
The water moccasin bites you. The water moccasin bites you!
The water moccasin bites you but does no damage.
You barely miss the water moccasin. The water moccasin bites you. x2
* * * LOW HITPOINT WARNING * * *
You miss the water moccasin.
Your headbutt misses the water moccasin.
The water moccasin bites you.
* * * LOW HITPOINT WARNING * * *
You are lethally poisoned!
The water moccasin poisons you! The water moccasin bites you.
* * * LOW HITPOINT WARNING * * *
Unknown command.
Unknown command.
As you read the scroll of teleportation, it crumbles to dust.
You feel strangely unstable.
* * * LOW HITPOINT WARNING * * *
You feel very sick. The water moccasin bites you.
* * * LOW HITPOINT WARNING * * *
The water moccasin bites you but does no damage.
You swap places.
* * * LOW HITPOINT WARNING * * *
You feel sick.
The water moccasin barely misses your jackal zombie.
Your jackal zombie closely misses the water moccasin.
You die...
Your body rises from the dead as a mindless zombie.

..... #...# #....
#..h# #...# #...#
#...# #...#####
.....#.hSZ.@#
.......h###.#####
..#...#.........#
....#...###.###.#
.#.###### #.# ##
#.# ######.#
#......#
###.######


You could see a water moccasin, 2 jackals and a friendly jackal zombie.

Vanquished Creatures
  A centaur (D:5)
  A hound (D:5)
  Terence (D:3)
  Ijyb (D:3)
  2 hound skeletons (D:4)
  Robin (D:3)
  4 gnolls (D:2)
  An adder (D:3)
  2 dart slugs
  7 orcs
  5 endoplasms
  2 giant cockroaches (D:2)
  11 goblins
  16 hobgoblins
  2 jackals (D:5)
  A quokka (D:4)
  6 ball pythons
  5 bats
  5 frilled lizards
  8 kobolds
  4 rats
86 creatures vanquished.

Vanquished Creatures (collateral kills)
  A goblin (D:3)
  A kobold (D:3)
2 creatures vanquished.

Vanquished Creatures (others)
  A bat zombie (D:3)
  A ball python zombie (D:3)
  A kobold zombie (D:4)
  An orc zombie (D:3)
  A spectral endoplasm (D:3)
  4 fungi (D:3)
  3 plants (D:3)
12 creatures vanquished.

Grand Total: 100 creatures vanquished

Notes
Turn   | Place    | Note
-------+----------+-------------------------------------------
     0 | D:1      | GigaChad the Minotaur Gladiator began the quest for the
                  | Orb.
     0 | D:1      | Reached XP level 1. HP: 18/18 MP: 0/0
   127 | D:1      | Reached XP level 2. HP: 19/25 MP: 1/1
   298 | D:1      | Reached skill level 4 in Staves
   336 | D:1      | Reached XP level 3. HP: 20/30 MP: 2/2
   725 | D:2      | Reached skill level 1 in Armour
   735 | D:2      | Reached XP level 4. HP: 15/37 MP: 3/3
  1514 | D:2      | Reached skill level 5 in Staves
  1570 | D:2      | You fall into a shaft and drop 1 floor!
  1579 | D:3      | Found a basalt altar of Yredelemnul.
  1603 | D:3      | Became a worshipper of Yredelemnul the Dark
  1627 | D:3      | Noticed Terence
  1638 | D:3      | Killed Terence
  1927 | D:3      | Found a faded altar of an unknown god.
  1986 | D:3      | Noticed Robin
  2008 | D:3      | Killed Robin
  2009 | D:3      | Reached XP level 5. HP: 45/45 MP: 4/4
  2021 | D:3      | Noticed Ijyb
  2033 | D:3      | Killed Ijyb
  2033 | D:3      | Reached * piety under Yredelemnul
  2034 | D:3      | Reached skill level 1 in Long Blades
  2715 | D:4      | Found Ypseerr's Antique Weapon Emporium.
  2779 | D:4      | Found Zaps's Jewellery Shop.
  2812 | D:4      | Found Xiqafas's Assorted Antiques.
  3232 | D:5      | Entered Level 5 of the Dungeon
  3262 | D:5      | Noticed a centaur
  3276 | D:5      | Killed a centaur
  3277 | D:5      | Reached XP level 6. HP: 29/52 MP: 5/5
  3281 | D:5      | Noticed a water moccasin
  3288 | D:5      | HP: 1/52 [poisoned by a water moccasin]
  3289 | D:5      | Succumbed to a water moccasin's poison

Illustrated notes

Levels and vault maps discovered:
D:1:      lemuel_arrival_broad_hall, layout_basic, nrook_campfire
D:2:      layout_basic
D:3:      layout_loops_ring, yredelemnul_altar_generic,
          shapermc_ecumenical_altar_ellora, uniq_crazy_yiuf_cottage,
          uniq_terence, uniq_robin, uniq_ijyb
D:4:      layout_cave_pools, serial_shops, nicolae_shop_crystal, shop_statue,
          shop, hangedman_decor_peaks_small
D:5:      layout_loops_cross, okawaru_altar_gauntlet_db, portal_sewer_entry_d

Skill      XL: |  1  2  3  4  5 |
---------------+----------------+-----
Staves         | 4 5 |  5.7
Armour         | 1 2 |  2.6
Dodging        | 4 |  4.2
Fighting       | 3 |  3.9
Long Blades    | 2 |  2.9
Throwing       | |  2.2

Action                   |  1- 3 |  4- 6 || total
-------------------------+-------+-------++-------
Melee: Quarterstaff      |    61 |    24 ||    85
       Headbutt          |     5 |    24 ||    29
       Scimitar          |       |    95 ||    95
       Battleaxe         |       |    13 ||    13
       Punch             |       |     1 ||     1
Throw: Throwing net      |     1 |     1 ||     2
  Use: Scroll            |       |     7 ||     7
Armor: Ring mail         |    21 |       ||    21
       Leather armour    |     2 |       ||     2
       Chain mail        |    12 |   103 ||   115
Dodge: Dodged            |    43 |    84 ||   127
